 Dungeon Crawl Stone Soup version 0.29-a0-418-gc0181ea820 (webtiles) character file.

Game seed: 5459509002070050064

3860 avis the Grappler (level 9, -5/85 HPs)
             Began as a Deep Dwarf Transmuter on May 17, 2022.
             Was a Priest of Makhleb.
             Killed from afar by a gargoyle (20 damage)
             ... with a stone arrow
             ... on level 7 of the Dungeon on May 18, 2022.
             The game lasted 01:00:12 (8786 turns).

avis the Grappler (Deep Dwarf Transmuter)           Turns: 8786, Time: 01:00:13

Health: -5/85      AC: 13    Str: 17    XL:     9   Next: 99%
Magic:  7/7        EV: 11    Int: 15    God:    Makhleb [***...]
Gold:   445        SH:  0    Dex: 13    Spells: 4/14 levels left

rFire   + . .      SeeInvis .     - Unarmed
rCold   . . .      Faith    +   (no shield)
rNeg    . . .      Spirit   .   p - +0 swamp dragon scales
rPois   +          Reflect  .   i - +0 helmet
rElec   .          Harm     .   s - +0 cloak
rCorr   .          Rampage  .   d - +2 pair of gloves
Will    +....                   c - +0 pair of boots
Stlth   +.........              v - amulet of faith
HPRegen 0.00/turn               j - ring of protection from fire
MPRegen 0.10/turn               (no ring)

@: no status effects
A: damage resistance, heal wounds, sense surroundings 2, no regeneration
a: Heal Wounds, Renounce Religion, Minor Destruction, Lesser Servant of Makhleb


You were on level 7 of the Dungeon.
You worshipped Makhleb.
Makhleb was most pleased with you.
You visited 2 branches of the dungeon, and saw 8 of its levels.
You also visited: Sewer.

You collected 445 gold pieces.

Inventory:

Hand Weapons
 a - a +0 club
 n - a +2 halberd of venom
Missiles
 f - a boomerang of dispersal
 h - 18 poisoned darts
 m - 6 boomerangs
 Q - 4 curare-tipped darts
Armour
 c - a +0 pair of boots (worn)
 d - a +2 pair of gloves (worn)
 i - a +0 helmet (worn)
 p - +0 swamp dragon scales (worn)
 s - a +0 cloak (worn)
Jewellery
 j - a ring of protection from fire (left hand)
 v - an amulet of faith (around neck)
 L - a ring of fire
Wands
 E - a wand of charming (1)
 J - a wand of paralysis (5)
 M - a wand of flame (20)
 O - a wand of iceblast (7)
Scrolls
 e - a scroll of blinking {unknown}
 g - 2 scrolls of immolation {unknown}
 o - 2 scrolls of poison {unknown}
 r - a scroll of noise {unknown}
 t - 6 scrolls of teleportation
 u - 3 scrolls of amnesia {unknown}
 w - 2 scrolls of magic mapping {unknown}
 y - a scroll of summoning {unknown}
 G - 2 scrolls of fear {unknown}
 H - a scroll of enchant weapon {unknown}
 K - 2 scrolls of silence {unknown}
Potions
 b - a potion of lignification
 l - 7 potions of curing
 q - a potion of flight {unknown}
 x - a potion of magic {unknown}
 z - 4 potions of brilliance
 A - 2 potions of invisibility
 B - a potion of ambrosia
 C - a potion of attraction {unknown}
 D - a potion of mutation {unknown}
 F - a potion of cancellation {unknown}
 I - 2 potions of might {unknown}


   Skills:
 + Level 6.6 Fighting
 - Level 2.1 Dodging
 * Level 9.7 Unarmed Combat
 + Level 3.0 Spellcasting
 - Level 4.0 Transmutations
 - Level 3.0 Ice Magic
 - Level 3.0 Poison Magic


You had 4 spell levels left.
You knew the following spells:

 Your Spells              Type           Power      Damage    Failure   Level
a - Beastly Appendage     Tmut           28%        N/A       7%          1
e - Wereblood             Tmut           14%        N/A       11%         2
p - Spider Form           Tmut/Pois      12%        N/A       26%         3
q - Ice Form              Ice/Tmut       12%        N/A       65%         4

Your spell library contained the following spells:

 Spells                   Type           Power      Damage    Failure   Level
 Magic Dart               Conj           8%         1d3       36%         1
 Call Imp                 Summ           2%         N/A       50%         2
 Scorch                   Fire           4%         2d5       50%         2
 Static Discharge         Conj/Air       2%         N/A       50%         2
 Mephitic Cloud           Conj/Pois/Air  5%         N/A       58%         3
 Flame Wave               Conj/Fire      2%         2d4       98%         4
 Lightning Bolt           Conj/Air       1%         1d12      100%        5
 Summon Cactus Giant      Summ           1%         N/A       100%        6
 Maxwell's Capacitive Co  Air            1%         ∞         100%        8


Dungeon Overview and Level Annotations

Branches:
Dungeon (7/15)             Temple (1/1) D:6           Sewer (visited)

Altars:
Ashenzari
Cheibriados
Dithmenos
Fedhas
Gozag
Hepliaklqana
Kikubaaqudgha
Makhleb
Qazlal
Ru
Sif Muna
Trog
Uskayaw
Vehumet
Wu Jian
Xom
Yredelemnul
Zin
The Shining One

Shops:
D:1 *

Annotations:
D:3 unexplorred areas past deep water
D:5 Deep lava unexplored


Innate Abilities, Weirdness & Mutations

You are resistant to damage.
You can heal yourself by infusing magical energy.
You passively map the area around you.
You do not regenerate.


Message History

You destroy the gargoyle!
Makhleb accepts your kill.
You feel better.
Training target 4.0 for Transmutations reached!
Your Transmutations skill increases to level 4!
There is an open door here.
You see here a +0 mace.
t - 6 scrolls of teleportation (gained 1)
There is an open door here.
You see here a +0 mace.
You open the door. You open the door.
A gargoyle comes into view. It is wielding a +0 mace.
Found a potion of heal wounds.
You hit the gargoyle.
The gargoyle is lightly damaged.
The gargoyle barely misses you.
You hit the gargoyle but do no damage.
The gargoyle is lightly damaged.
You hit the gargoyle but do no damage.
The gargoyle is lightly damaged.
The gargoyle hits you but does no damage.
You hit the gargoyle but do no damage.
The gargoyle is lightly damaged.
The gargoyle hurls a stone arrow at you.
The stone arrow hits you!!
* * * LOW HITPOINT WARNING * * *
You hit the gargoyle.
The gargoyle is moderately damaged.
The gargoyle hits you with a +0 mace!
* * * LOW HITPOINT WARNING * * *
You feel much better.
The gargoyle hurls a stone arrow at you.
The stone arrow hits you!!
* * * LOW HITPOINT WARNING * * *
You barely miss the gargoyle. Your punch misses the gargoyle.
The gargoyle is moderately damaged.
The gargoyle hurls a stone arrow at you.
The stone arrow hits you!!
You die...

....#.#..........................
#####.#########.######.##.....###
#......[....# #..##.####
###################.##.#
###.........##.##.#
#...#######.....#.######
##.###8###!###.#.#.#.....
#..#.##'.9##,#...........
#.###)..@..+###....#.####
#.#8#.......#8#....#.####
#.##'..............#.....
#.##....8..........#.....
#.##'....................
#.#)#.......#8#.#...###..
#.###'.....)###.#...# ..
#..#8##'.'##.#..#.>.# * .
##.###8###8###.####)# *#


You could see a gargoyle.

Vanquished Creatures
  3 gargoyles (D:7)
  Maggie (D:7)
  Grinder (D:5)
  A steam dragon (D:6)
  Duvessa (D:5)
  A black bear (D:7)
  3 ice beasts
  A sky beast (D:7)
  2 ogres (D:6)
  2 phantoms
  A kobold brigand (D:6)
  3 bullfrogs
  Blork the orc (D:5)
  2 scorpions
  3 necrophages
  Dowan (D:5)
  4 killer bees (D:5)
  2 orc priests (D:7)
  3 jellies
  2 hounds
  Ijyb (D:4)
  3 iguanas
  2 orc wizards
  10 adders
  6 river rats (Sewer)
  16 orcs
  18 ball pythons
  6 bats
  4 endoplasms
  6 giant cockroaches
  7 goblins
  7 hobgoblins
  9 jackals
  8 quokkas
  9 frilled lizards
  10 kobolds
  31 rats
191 creatures vanquished.

Vanquished Creatures (others)
  23 fungi (D:4)
23 creatures vanquished.

Grand Total: 214 creatures vanquished

Notes
Turn   | Place    | Note
-------+----------+-------------------------------------------
     0 | D:1      | avis the Deep Dwarf Transmuter began the quest for the Orb.
     0 | D:1      | Reached XP level 1. HP: 16/16 MP: 3/3
    58 | D:1      | Reached skill level 1 in Fighting
   206 | D:1      | Found Miexyler's General Store.
   265 | D:1      | Found a faded altar of an unknown god.
   336 | D:1      | Reached skill level 3 in Unarmed Combat
   336 | D:1      | Reached XP level 2. HP: 23/25 MP: 2/4
  1232 | D:2      | You fall into a shaft and drop 2 floors!
  1649 | D:2      | Reached XP level 3. HP: 26/31 MP: 5/5
  1653 | D:2      | Learned a level 3 spell: Spider Form
  2104 | D:2      | Reached XP level 4. HP: 26/39 MP: 7/7
  3372 | D:4      | Found an opulent altar of Gozag.
  3447 | D:4      | Reached skill level 1 in Poison Magic
  3450 | D:4      | Reached skill level 4 in Unarmed Combat
  3450 | D:4      | Noticed a necrophage
  3467 | D:4      | Killed a necrophage
  3468 | D:4      | Reached XP level 5. HP: 21/46 MP: 5/8
  3498 | D:4      | Found a burning altar of Makhleb.
  3506 | D:4      | Became a worshipper of Makhleb the Destroyer
  3617 | D:4      | Found a broken altar of Ashenzari.
  3644 | D:4      | Noticed Ijyb
  3710 | D:4      | Killed Ijyb
  3722 | D:4      | Reached XP level 6. HP: 43/55 MP: 8/8
  3970 | D:5      | Entered Level 5 of the Dungeon
  3970 | D:5      | Noticed an ice beast
  4014 | D:5      | Killed an ice beast
  4015 | D:5      | Reached skill level 5 in Unarmed Combat
  4020 | D:5      | Learned a level 4 spell: Ice Form
  4178 | D:5      | Found a glowing drain.
  4193 | Sewer    | Entered a sewer
  4236 | Sewer    | Reached * piety under Makhleb
  4439 | Sewer    | Reached ** piety under Makhleb
  4549 | Sewer    | Reached XP level 7. HP: 28/62 MP: 9/9
  4675 | D:5      | Reached skill level 6 in Unarmed Combat
  4715 | D:5      | Upgraded the game from 0.29-a0-416-g83a48905f1 to
                  | 0.29-a0-418-gc0181ea820
  4741 | D:5      | Noticed Blork the orc
  4753 | D:5      | Killed Blork the orc
  4917 | D:5      | Reached *** piety under Makhleb
  5033 | D:5      | Noticed Duvessa
  5033 | D:5      | Noticed Dowan
  5045 | D:5      | HP: 1/57 [Duvessa/+0 short sword of draining (7)]
  5048 | D:5      | Killed Duvessa
  5049 | D:5      | Reached XP level 8. HP: 38/66 MP: 3/8
  5054 | D:5      | Killed Dowan
  5228 | D:5      | Reached skill level 7 in Unarmed Combat
  5451 | D:5      | Found an ancient bone altar of Kikubaaqudgha.
  5780 | D:5      | Noticed Grinder
  5793 | D:5      | Killed Grinder
  5794 | D:5      | Reached skill level 5 in Fighting
  5794 | D:5      | Reached skill level 1 in Ice Magic
  6325 | D:6      | Reached skill level 8 in Unarmed Combat
  6325 | D:6      | Gained mutation: You passively map the area around you.
                  | [Deep Dwarf growth]
  6325 | D:6      | Reached XP level 9. HP: 26/81 MP: 6/10
  6934 | D:6      | Found a staircase to the Ecumenical Temple.
  6943 | Temple   | Entered the Ecumenical Temple
  7369 | D:6      | Learned a level 2 spell: Wereblood
  7996 | D:7      | Noticed Maggie
  8006 | D:7      | Killed Maggie
  8435 | D:7      | Reached skill level 9 in Unarmed Combat
  8507 | D:7      | Found a radiant altar of Vehumet.
  8664 | D:7      | Noticed a gargoyle
  8682 | D:7      | Killed a gargoyle
  8702 | D:7      | Noticed a gargoyle
  8731 | D:7      | Killed a gargoyle
  8739 | D:7      | Noticed a gargoyle
  8770 | D:7      | Killed a gargoyle
  8779 | D:7      | Noticed a gargoyle
  8786 | D:7      | Killed from afar by a gargoyle

Illustrated notes

Levels and vault maps discovered:
D:1:      wheals_arrival_linesprint, layout_basic, serial_shops,
          nicolae_shop_temple_entry_statues_fountains,
          shapermc_ecumenical_altar_ellora, minmay_parallelograms
D:2:      layout_loops_ring, dreamdust_princess_corridor
D:3:      layout_rooms, serial_rivers, chequers_serial_rivers_large_b,
          chequers_serial_rivers_large_a, chequers_serial_rivers_micro_d,
          chequers_serial_rivers_micro_d
D:4:      layout_basic, overflow_temple_1_default,
          mainiacjoe_overflow_catch_the_wave, uniq_ijyb
D:5:      layout_basic, marbit_many_paths, gup_sewer_entry_pipe,
          kennysheep_opposing_triangles, uniq_blork_the_orc, uniq_duvessa,
          uniq_grinder
D:6:      layout_layer_cave, lemuel_temple_firewalk_b
D:7:      cheibrodos_statue_roulette, layout_basic, vehumet_crystals,
          uniq_maggie
Temple:   nicolae_temple_great_sept

Skill      XL: |  1  2  3  4  5  6  7  8  9 |
---------------+----------------------------+-----
Fighting       | 1 2 3 4 5 6 |  6.6
Unarmed Combat | 3 4 5 6 8 9 |  9.7
Transmutations | 2 3 4 |  4.0
Spellcasting   | 2 3 |  3.0
Poison Magic   | 1 2 3 |  3.0
Ice Magic      | 1 3 |  3.0
Dodging        | |  2.1

Action                   |  1- 3 |  4- 6 |  7- 9 || total
-------------------------+-------+-------+-------++-------
Melee: Unarmed           |    64 |    22 |   313 ||   399
       Headbutt          |    12 |     9 |     2 ||    23
       Kick              |    16 |    14 |     1 ||    31
       Punch             |     1 |     5 |     6 ||    12
       War axe           |    54 |   190 |     4 ||   248
       Morningstar       |     4 |       |       ||     4
 Cast: Beastly Appendage |    30 |    23 |     3 ||    56
       Spider Form       |       |     5 |    26 ||    31
 Abil: Heal Wounds       |       |     3 |    20 ||    23
  Use: Potion            |       |     1 |     6 ||     7
       Scroll            |       |       |     8 ||     8
 Stab: Sleeping          |       |     3 |       ||     3
Armor: Robe              |     8 |       |       ||     8
       Leather armour    |    45 |    83 |    25 ||   153
       Skin              |       |    14 |     6 ||    20
       Swamp dragon scal |       |       |    14 ||    14
Dodge: Dodged            |    82 |   203 |   202 ||   487

Table legend: (Time is in decaauts)
 A = Elapsed time spent in this place.
 B = Non-inter-level travel time spent in this place.
 C = Inter-level travel time spent in this place.
 D = Time resting spent in this place.
 E = Time spent auto-exploring this place.
 F = Levels seen in this place.
 G = Mean time per level.
                   A        B        C        D        E       F      G
               +--------+--------+--------+--------+--------+-----+--------+
         Total |   9008 |   8346 |    662 |   1507 |   4288 |   9 | 1000.9 |
       Dungeon |   8355 |   7703 |    652 |   1481 |   4225 |   7 | 1193.6 |
        Temple |    104 |     94 |     10 |      0 |     63 |   1 |  104.0 |
         Sewer |    548 |    548 |      0 |     26 |      0 |   1 |  548.0 |
               +--------+--------+--------+--------+--------+-----+--------+

Top non-repeatable levels by time:
     D:6: 2168 daAuts
     D:5: 1445 daAuts
     D:1: 1415 daAuts
     D:2: 998 daAuts
     D:4: 951 daAuts
     D:3: 850 daAuts
   Sewer: 548 daAuts
     D:7: 524 daAuts
  Temple: 104 daAuts
